 Dungeon Sprint DCSS version 0.22.1-1-ga44c0e56f4 (webtiles) character file.

3787 KleinerIrrer the Sensei (level 10, -23/63 HPs)
             Began as an Octopode Monk on Nov 2, 2018.
             Was a Believer of Jiyva.
             Annihilated by an orc knight
             ... wielding a +0 dire flail
              (31 damage)
             ... in the Dungeon (Sprint III: "The Ten Rune Challenge").
             The game lasted 00:05:58 (1972 turns).

KleinerIrrer the Sensei (Octopode Monk)             Turns: 1972, Time: 00:05:58

Health: -23/63     AC:  1    Str: 10    XL:     10   Next: 16%
Magic:  10/10      EV: 15    Int: 13    God:    Jiyva [**....]
Gold:   28         SH:  0    Dex: 18    Spells: 9/9 levels left

rFire    . . .     SeeInvis .     - Unarmed
rCold    . . .     Gourm    .   (no shield)
rNeg     . . .     Faith    .   (helmet restricted)
rPois    +         Spirit   .   (no amulet)
rElec    .         Reflect  .   (no ring)
rCorr    .         Harm     .   (no ring)
MR       .....     NoTele   +   (no ring)
Stlth    +++.......             (no ring)
HPRegen  0.20/turn              (no ring)
MPRegen  0.12/turn              (no ring)
                                (no ring)
                                (no ring)

@: hasted, very quick
A: almost no armour, stealthy swim, amphibious, 8 rings, constrict 8, antennae
1, camouflage 1, blink, deterioration 1, poison resistance, gelatinous body 1,
evolution 1
a: Blink, Request Jelly, Renounce Religion


You were in the Dungeon.
You worshipped Jiyva.
Jiyva was pleased with you.
You were not hungry.

You visited 1 branch You collected 28 gold pieces.

Inventory:

Wands
 i - a wand of clouds (4)
Scrolls
 g - a scroll of blinking
 h - a scroll of enchant weapon {unknown}
 j - 2 scrolls of holy word
 m - a scroll of remove curse
Potions
 b - 2 potions of curing
 e - 2 potions of magic
 l - 3 potions of flight
 n - a potion of brilliance
 o - a potion of ambrosia {unknown}
Comestibles
 a - 4 rations
 f - 4 chunks of flesh


   Skills:
 - Level 3.0 Fighting
 - Level 3.0 Dodging
 - Level 2.6 Stealth
 + Level 21.0 Unarmed Combat


You had 9 spell levels left.
You didn't know any spells.
Your spell library contained the following spells:

 Spells                   Type           Power        Failure   Level  Hunger
 Magic Dart               Conj           #...         30%         1    ##.....
 Blink                    Tloc           N/A          43%         2    ###....
 Call Imp                 Summ           #.......     43%         2    ###....
 Slow                     Hex            #.......     43%         2    ###....
 Conjure Flame            Conj/Fire      #.......     67%         3    ####...
 Mephitic Cloud           Conj/Pois/Air  #.......     67%         3    ####...


Dungeon Overview and Level Annotations

Branches:
Dungeon (1/1)

Altars:
Cheibriados
Dithmenos
Elyvilon
Fedhas
Gozag
Hepliaklqana
Kikubaaqudgha
Makhleb
Nemelex Xobeh
Okawaru
Qazlal
Ru
Sif Muna
Trog
Uskayaw
Vehumet
Wu Jian
Xom
Yredelemnul
Zin
The Shining One
Beogh
Jiyva
Lugonu


Innate Abilities, Weirdness & Mutations

You cannot wear most types of armour.
You are very stealthy in the water. (Stealth+)
You are amphibious.
You can wear up to eight rings at the same time.
You can use your tentacles to constrict eight enemies at once.
Your skin changes colour to match your surroundings (Stealth+).
Your rubbery body absorbs attacks. (AC +1, EV +1)
You have a pair of small antennae on your head.
You can translocate small distances at will.
Your body sometimes deteriorates upon taking damage.
Your system is resistant to poisons. (rPois)
You evolve.


Message History

The orc knight hits you with a dire flail!!
* * * LOW HITPOINT WARNING * * *
Unknown command.
You feel much better.
You constrict the orc knight.
The orc knight hits you with a dire flail!!
* * * LOW HITPOINT WARNING * * *
You feel yourself speed up.
You constrict the orc knight, but do no damage.
You release your grip on the orc knight.
You closely miss the orc knight. Your grab misses the orc knight.
Your tentacle-slap misses the orc knight.
The orc knight is heavily wounded.
You barely miss the orc knight. You grab the orc knight.
The orc knight is heavily wounded.
You constrict the orc knight, but do no damage.
You bludgeon the orc knight! You squeeze the orc knight!
The orc knight is almost dead.
You constrict the orc knight, but do no damage.
The orc knight hits you with a dire flail!!
You die...

▓▓▓ ### ##.############ ##
..#####..#___#___#__##$#
...#..#..#)..#__)#._#$.o
...#..#..###'#'###'##.$
#..##'#..#..........#{.
#..###...'.⌠....@o..#{#
..####...#...######.#{#
..###....#.⌠.#__#...#)###########
..##.....#...#__#...#.)..#.#)#)..
..#......#'###__#...##.#).#.##.##
##.#.....#.))#__#....##)#.#.##.#.
#####....#___#__'...#)).#..#..##.
▓ ▓▓▓▓▓▓▓▓▓▓▓▓▓▓▓▓▓▓▓▓▓▓▓▓▓▓▓▓▓ {
{ {


You could see an orc knight.

Vanquished Creatures
  Erolcha (D)
  An orc high priest (D)
  A deep elf mage (D)
  A shadow (D)
  2 redbacks (D)
  A spatial vortex (D)
  2 orc warriors (D)
  A necrophage (D)
  5 two-headed ogres (D)
  A water elemental (D)
  A scorpion (D)
  A jelly (D)
  An orc priest (D)
  A wizard (D)
  Jessica (D)
  A necromancer (D)
  3 humans (D)
  A kobold demonologist (D)
  2 oozes (D)
  2 orcs (D)
  A rat (D)
31 creatures vanquished.

Vanquished Creatures (others)
  2 draconian scorchers (D)
  6 hellions (D)
  2 yaktaurs (D)
  7 jellies (D)
  A bush (D)
  4 plants (D)
22 creatures vanquished.

Grand Total: 53 creatures vanquished

Notes
Turn   | Place    | Note
-------+----------+-------------------------------------------
     0 | D        | KleinerIrrer the Octopode Monk began the quest for the Orb.
     0 | D        | Reached XP level 1. HP: 16/16 MP: 1/1
    19 | D        | Reached skill level 4 in Unarmed Combat
    23 | D        | Reached skill level 5 in Unarmed Combat
    23 | D        | Reached XP level 2. HP: 4/21 MP: 2/2
    89 | D        | Killed a hellion
    89 | D        | Killed a hellion
   108 | D        | Killed a hellion
   110 | D        | Killed a hellion
   113 | D        | Killed a hellion
   114 | D        | Killed a hellion
   135 | D        | Killed a yaktaur
   158 | D        | Killed a yaktaur
   205 | D        | Killed a white draconian scorcher
   219 | D        | Killed a white draconian scorcher
   297 | D        | Noticed Jessica
   303 | D        | Killed Jessica
   303 | D        | Reached skill level 7 in Unarmed Combat
   303 | D        | Reached XP level 3. HP: 19/26 MP: 3/3
   389 | D        | Noticed a scorpion
   513 | D        | Killed a scorpion
   513 | D        | Reached skill level 9 in Unarmed Combat
   513 | D        | Reached XP level 4. HP: 20/31 MP: 4/4
   739 | D        | Gained mutation: You have a pair of small antennae on your
                  | head. [potion of mutation]
   739 | D        | Gained mutation: You are partially covered in iridescent
                  | scales. (AC +2) [potion of mutation]
   739 | D        | Gained mutation: Your body sometimes deteriorates upon
                  | taking damage. [potion of mutation]
   739 | D        | Gained mutation: You possess an exceptional clarity of
                  | mind. [potion of mutation]
   740 | D        | Lost mutation: You possess an exceptional clarity of mind.
                  | [potion of mutation]
   740 | D        | Lost mutation: You are partially covered in iridescent
                  | scales. (AC +2) [potion of mutation]
   740 | D        | Gained mutation: Your system is resistant to poisons.
                  | (rPois) [potion of mutation]
   740 | D        | Gained mutation: You evolve. [potion of mutation]
   740 | D        | Gained mutation: You can translocate small distances at
                  | will. [potion of mutation]
   745 | D        | Noticed a water elemental
   753 | D        | Killed a water elemental
   753 | D        | Reached skill level 10 in Unarmed Combat
   753 | D        | Reached XP level 5. HP: 29/36 MP: 5/5
   810 | D        | Found a radiant altar of Vehumet.
   811 | D        | Found a deep blue altar of Sif Muna.
   811 | D        | Found an ancient bone altar of Kikubaaqudgha.
   812 | D        | Reached skill level 11 in Unarmed Combat
   825 | D        | Found a glowing silver altar of Zin.
   826 | D        | Found a glowing golden altar of the Shining One.
   826 | D        | Found a white marble altar of Elyvilon.
   826 | D        | Noticed a deep elf mage
   830 | D        | Killed a deep elf mage
   830 | D        | Reached skill level 14 in Unarmed Combat
   830 | D        | Reached XP level 6. HP: 34/42 MP: 6/6
   830 | D        | Reached XP level 7. HP: 37/46 MP: 7/7
   889 | D        | Found a hide-covered altar of Uskayaw.
   889 | D        | Found a roughly hewn altar of Beogh.
   889 | D        | Found an iron altar of Okawaru.
   889 | D        | Found a bloodstained altar of Trog.
   889 | D        | Found an ornate altar of the Wu Jian Council.
   889 | D        | Noticed a human
   889 | D        | Noticed a human
   907 | D        | Killed a human
   907 | D        | Reached skill level 15 in Unarmed Combat
   913 | D        | Killed a human
   913 | D        | Reached skill level 16 in Unarmed Combat
  1095 | D        | Found a shadowy altar of Dithmenos.
  1096 | D        | Found a basalt altar of Yredelemnul.
  1096 | D        | Found a sacrificial altar of Ru.
  1097 | D        | Reached XP level 8. HP: 52/52 MP: 8/8
  1121 | D        | Noticed a shadow
  1128 | D        | Killed a shadow
  1413 | D        | Found a blossoming altar of Fedhas.
  1413 | D        | Found a stormy altar of Qazlal.
  1414 | D        | Found a snail-covered altar of Cheibriados.
  1414 | D        | Found a burning altar of Makhleb.
  1414 | D        | Found a hazy altar of Hepliaklqana.
  1414 | D        | Found a shimmering altar of Xom.
  1414 | D        | Found an opulent altar of Gozag.
  1414 | D        | Found a sparkling altar of Nemelex Xobeh.
  1414 | D        | Found a corrupted altar of Lugonu.
  1414 | D        | Found a viscous altar of Jiyva.
  1422 | D        | Reached skill level 17 in Unarmed Combat
  1424 | D        | Became a worshipper of Jiyva Jemm the Shapeless
  1424 | D        | Reached * piety under Jiyva
  1424 | D        | Reached ** piety under Jiyva
  1744 | D        | Noticed a two-headed ogre
  1751 | D        | Killed a two-headed ogre
  1751 | D        | Reached skill level 18 in Unarmed Combat
  1751 | D        | Reached XP level 9. HP: 46/55 MP: 9/9
  1804 | D        | Noticed a two-headed ogre
  1804 | D        | Noticed Erolcha
  1811 | D        | Killed Erolcha
  1811 | D        | Reached skill level 19 in Unarmed Combat
  1813 | D        | Killed a two-headed ogre
  1824 | D        | Reached skill level 20 in Unarmed Combat
  1918 | D        | Noticed an orc knight
  1939 | D        | Noticed an orc high priest
  1943 | D        | Noticed a red devil
  1944 | D        | Killed an orc high priest
  1944 | D        | Reached XP level 10. HP: 40/62 MP: 8/10
  1950 | D        | Reached skill level 21 in Unarmed Combat
  1965 | D        | HP: 1/62 [orc knight/dire flail (19)]
  1972 | D        | Annihilated by an orc knight

Skill      XL: |  1  2  3  4  5  6  7  8  9 10 |
---------------+-------------------------------+-----
Unarmed Combat | 5 7 9 10 14 16 18 20 21 | 21.0
Fighting       | |  3.0
Dodging        | |  3.0
Stealth        | |  2.6

Action                   |  1- 3 |  4- 6 |  7- 9 | 10-12 || total
-------------------------+-------+-------+-------+-------++-------
Melee: Unarmed           |    28 |    11 |    68 |    15 ||   122
       Tentacles         |     4 |     3 |    14 |     5 ||    26
       Constrict         |     2 |     1 |     7 |     3 ||    13
       Punch             |       |     1 |    12 |     2 ||    15
Invok: Request Jelly     |       |       |     1 |       ||     1
  Use: Scroll            |       |     4 |       |       ||     4
       Potion            |       |     2 |     2 |     2 ||     6
 Stab: Sleeping          |     3 |     4 |     5 |       ||    12
       Distracted        |       |       |     2 |       ||     2
  Eat: Chunk             |       |       |     2 |     1 ||     3
Armor: Skin              |     1 |       |     1 |     1 ||     3
Dodge: Dodged            |    14 |     4 |    26 |     2 ||    46
